 Dungeon Crawl Stone Soup version 0.30-a0-223-gcb0039aa0c (webtiles) character file.

Game seed: 2658407893098011006

16 greasedhog the Trooper (level 2, -10/28 HPs)
             Began as a Gargoyle Chaos Knight on Oct 9, 2022.
             Was a Plaything of Xom.
             Mangled by a bunyip (glowing shapeshifter) (28 damage)
             ... on level 1 of the Dungeon.
             The game lasted 00:00:35 (461 turns).

greasedhog the Trooper (Gargoyle Chaos Knight)       Turns: 461, Time: 00:00:40

Health: -10/28     AC:  8    Str: 15    XL:     2   Next: 58%
Magic:  2/2        EV: 11    Int: 12    God:    Xom [..*...]
Gold:   47         SH:  0    Dex:  9    Spells: 1/1 levels left

rFire   . . .      SeeInvis .    a - +0 mace (chaos)
rCold   . . .      Faith    .    (no shield)
rNeg    + . .      Spirit   .    b - +2 leather armour
rPois   ∞          Reflect  .    (no helmet)
rElec   +          Harm     .    (no cloak)
rCorr   .          Rampage  .    (no gloves)
Will    .....                    (no boots)
Stlth   ..........               (no amulet)
HPRegen 0.24/turn                (no ring)
MPRegen 0.08/turn                (no ring)

@: berserking, very quick
A: sickness immunity, AC +2, negative energy resistance 1, electricity
resistance, torment resistance 1, petrification resistance
a: Renounce Religion


You were on level 1 of the Dungeon.
You worshipped Xom.
You were a toy of Xom.
You visited 1 branch of the dungeon, and saw 1 of its levels.

You collected 47 gold pieces.

Inventory:

Hand Weapons
 a - a +0 mace of chaos (weapon)
Armour
 b - a +2 leather armour (worn)
Scrolls
 e - a scroll of fear {unknown}
 f - 2 scrolls of teleportation
 g - a scroll of vulnerability {unknown}
Potions
 d - a potion of curing {unknown}
Miscellaneous
 c - a piece from Xom's chessboard (15/15) (quivered)


   Skills:
 * Level 3.6 Fighting
 * Level 3.3 Maces & Flails
 * Level 2.6 Armour
 - Level 0.7 Dodging


You had one spell level left.
You didn't know any spells.
Your spell library was empty.

Dungeon Overview and Level Annotations

Branches:
Dungeon (1/15)

Altars:


Innate Abilities, Weirdness & Mutations

You are immune to sickness and miasma.
Your stone body is resilient. (AC +2)
You are immune to poison.
You resist negative energy. (rN+)
You are resistant to electric shocks. (rElec)
You are resistant to unholy torment.
You are immune to petrification.


Message History

No target in view!
No target in view!
No target in view!
No target in view!
No target in view!
No target in view!
No target in view!
No target in view!
No target in view!
No target in view!
You see here a +0 whip.
Found a stone staircase leading down.
A worm comes into view.
A worm is nearby!
You hit the worm.
The worm is lightly wounded.
You barely miss the worm.
The worm is lightly wounded.
The worm barely misses you.
You barely miss the worm.
The worm is lightly wounded.
The worm bites you but does no damage.
You hit the worm.
The worm is poisoned.
The worm is lightly wounded.
You hit the worm.
The worm changes into a glowing shapeshifter!
The glowing shapeshifter changes into a wolf spider!
You barely miss the wolf spider. Xom grants you a minor favour.
A red film seems to cover your vision as you go berserk!
You feel yourself moving faster!
You feel mighty!
The wolf spider changes into a bunyip!
You sock the bunyip!
The bunyip is lightly wounded.
Xom's attention almost turns to you for a moment.
Nothing appears to happen...
Ominous!
The bunyip claws you. x2
The bunyip claws you!!
Ouch! That really hurt!
You die...
Xom chortles!

,,,,,,,,*,.#..#.#....##.#..#.#.#.
*,,,,,,,,,.....................#.
,,,,,,,,,,.................#.#.##
**,,,*,,*,.#.....................
*,,,*,,*,,####...#####.#.##.#.##
*,,,*,,*,,*##.....####.#.##.#.##
*,,,,,,,,,##.^.....##.......#...
*,*,,,,,..#^........#########.##
*,*,*,,*.......@.....# #........
***,*,,*.#.....x.^...# ######.##
*,*,,*,##...^^.....# #.#
*,*,,*,,#...>.....#########.##
*,*,,***##..^.^..##...........
*,*,*****##.....###########.##
*,*,,,,,* ###..##** #.# *,*******
#...,,* #.# *** ******* ###


You could see a bunyip shaped shifter.

Vanquished Creatures
  3 giant cockroaches (D:1)
  3 goblins (D:1)
  2 kobolds (D:1)
  A quokka (D:1)
  3 bats (D:1)
  3 rats (D:1)
  A spectral kobold (D:1)
16 creatures vanquished.

Notes
Turn   | Place    | Note
-------+----------+-------------------------------------------
     0 | D:1      | greasedhog the Gargoyle Chaos Knight began the quest for
                  | the Orb.
     0 | D:1      | Reached XP level 1. HP: 14/14 MP: 1/1
   151 | D:1      | Reached XP level 2. HP: 19/19 MP: 2/2
   317 | D:1      | Found a faded altar of an unknown god.
   459 | D:1      | a worm changed into a glowing shapeshifter
   459 | D:1      | Noticed a glowing shapeshifter (glowing shapeshifter)
   459 | D:1      | a glowing shapeshifter changed into a wolf spider
   459 | D:1      | Noticed a wolf spider (glowing shapeshifter)
   460 | D:1      | XOM: potion effect (berserk rage)
   460 | D:1      | a wolf spider changed into a bunyip
   460 | D:1      | Noticed a bunyip (glowing shapeshifter)
   461 | D:1      | XOM: silly message
   461 | D:1      | Mangled by a bunyip (glowing shapeshifter)

Illustrated notes

Levels and vault maps discovered:
D:1:      minmay_arrival_solitary_statue, layout_basic,
          dreamdust_ecumenical_altar_drowned_temple, serial_corexii_hall,
          corexii_hall_statues_x, chequers_hall_statues_y,
          hangedman_decor_riveting, nicolae_wormholes

Action                   || total
-------------------------++-------
Melee: Mace              ||    41
  Use: Scroll            ||     2
Armor: Leather armour    ||    19
Dodge: Dodged            ||    16

Table legend: (Time is in decaauts)
 A = Elapsed time spent in this place.
 B = Non-inter-level travel time spent in this place.
 C = Inter-level travel time spent in this place.
 D = Time resting spent in this place.
 E = Time spent auto-exploring this place.
 F = Levels seen in this place.
 G = Mean time per level.
                   A        B        C        D        E       F      G
               +--------+--------+--------+--------+--------+-----+--------+
         Total |    475 |    475 |      0 |      0 |    364 |   1 |  475.0 |
       Dungeon |    475 |    475 |      0 |      0 |    364 |   1 |  475.0 |
               +--------+--------+--------+--------+--------+-----+--------+

Top non-repeatable levels by time:
     D:1: 475 daAuts
